AoeStats
← Corsica

African Clearing

510469117Analyzed
3v3 RM · 12h ago on Oct 1, 2026· 39m 12s· 6 players
Game mode
Random Map
Map size
Normal (6 player)
Population
200
Speed
Normal
Resources
Standard
Victory
Conquest
Starting age
Dark Age
Ending age
Imperial Age
RankedLock teamsTeams togetherTeam positionsShared explorationLock speedFull tech treeHidden civsTurbo modeCheats
Victory
Defeat
🇺🇸 Huns · United States
1373
+14
🇨🇳 Poles · China
1360
+15
🇨🇦 Goths · Canada
1353
+15
🇲🇽 Magyars · Mexico
1429
-19
🇲🇽 Danes · Mexico
1352
-15
🇺🇸 Huns · United States
1211
-10
Mr. Fay
10:44 Loom
12:29 Feudal Age
13:48 Double-Bit Axe
16:20 Wheelbarrow
18:33 Castle Age
18:46 Scale Mail Armor
18:57 Forging
22:52 Squires
25:29 Town Watch
27:48 Arson
29:12 Chain Mail Armor
29:12 Horse Collar
29:45 Stone Mining
34:06 Iron Casting
39:59 Hand Cart
39:44 Town Patrol
Mr. Zapata
6:39 Loom
7:12 Loom
13:39 Feudal Age
15:47 Forging
17:25 Scale Barding Armor
17:44 Double-Bit Axe
19:56 Bloodlines
27:40 Castle Age
28:36 Husbandry
28:10 Light Cavalry
32:41 Iron Casting
Mr. Bannon
5:50 Loom
6:48 Loom
13:55 Feudal Age
15:50 Double-Bit Axe
16:56 Bloodlines
17:54 Scale Barding Armor
19:09 Horse Collar
28:55 Castle Age
35:11 Bow Saw
35:02 Heavy Plow
Corsica
5:06 Loom
13:13 Feudal Age
16:48 Castle Age
14:57 Double-Bit Axe
15:23 Horse Collar
21:42 Man-at-Arms
22:20 Long Swordsman
23:32 Town Watch
24:47 Wheelbarrow
25:38 Bow Saw
26:18 Scale Mail Armor
26:49 Squires
29:27 Forging
32:27 Chain Mail Armor
41:24 Imperial Age
骑猪射箭
14:38 Feudal Age
15:28 Double-Bit Axe
18:52 Castle Age
19:02 Fletching
19:13 Padded Archer Armor
20:09 Bow Saw
20:20 Bodkin Arrow
21:37 Town Watch
25:10 Fishing Lines
26:08 Wheelbarrow
26:10 Horse Collar
27:22 Ballistics
28:13 Thumb Ring
28:30 Loom
29:03 Leather Archer Armor
28:42 Gold Mining
30:42 Gillnets
31:01 Heavy Plow
31:41 Hand Cart
31:36 Gillnets
33:55 Bloodlines
33:46 Husbandry
37:14 Imperial Age
36:40 Scale Barding Armor
36:47 Forging
38:28 Parthian Tactics
37:23 Heavy Cavalry Archer
39:07 Chemistry
38:17 Bracer
39:06 Town Patrol
39:28 Chain Barding Armor
39:44 Iron Casting
40:01 Gold Shaft Mining
39:16 Stone Mining
39:47 Marauders
40:08 Conscription
从小耍到大
13:43 Feudal Age
14:36 Double-Bit Axe
16:02 Loom
17:29 Bloodlines
17:27 Scale Barding Armor
18:02 Forging
17:41 Horse Collar
23:12 Wheelbarrow
28:10 Castle Age
25:57 Town Watch
26:37 Gold Mining
28:16 Light Cavalry
28:59 Husbandry
29:19 Chain Barding Armor
29:35 Iron Casting
29:29 Heavy Plow
29:43 Bow Saw
31:41 Hand Cart
32:10 Stone Mining
36:58 Szlachta Privileges
Connection lost

Rejoining the realm…

Still unreachable

The connection could not be restored.

Session expired

The server has moved on; the page needs a fresh start.